 Dungeon Crawl Stone Soup version 0.30.1-3-gfc49f6343a (webtiles) character file.

Game seed: 2155745554949021844

100 safid the Chiller (level 4, -5/34 HPs)
             Began as a Merfolk Ice Elementalist on July 20, 2023.
             Killed from afar by a white imp (11 damage)
             ... with a puff of frost
             ... on level 3 of the Dungeon.
             The game lasted 00:04:28 (2385 turns).

safid the Chiller (Merfolk Ice Elementalist)        Turns: 2385, Time: 00:04:29

Health: -5/34      AC:  7    Str:  8    XL:     4   Next: 73%
Magic:  0/8        EV: 12    Int: 16    God:
Gold:   181        SH:  0    Dex: 14    Spells: 2/9 levels left

rFire   . . .        t - +4 sling of Subjectivity {drain, rPois Will+ SInv}
rCold   . . .        (no shield)
rNeg    . . .        a - +0 robe
rPois   +            d - +0 helmet
rElec   .            (no cloak)
rCorr   .            p - +0 pair of gloves
SInv    +            f - +2 pair of boots
Will    +....        (no amulet)
Stlth   ++           (no ring)
HPRegen 0.25/turn    (no ring)
MPRegen 0.11/turn

%: no passive effects
@: freezing walls, very slightly contaminated
A: (nimble swimmer 2), mertail
a: no special abilities


You were on level 3 of the Dungeon.
You visited 1 branch of the dungeon, and saw 3 of its levels.

You collected 181 gold pieces.

Inventory:

Hand Weapons
 l - a +1 hand axe of electrocution
 t - the +4 sling of Subjectivity (weapon) {drain, rPois Will+ SInv}
   (You found it on level 3 of the Dungeon)

   rPois:     It protects you from poison.
   SInv:      It lets you see invisible.
   Will:      It increases your willpower.
Armour
 a - a +0 robe (worn)
 d - a +0 helmet (worn)
 f - a +2 pair of boots (worn)
 p - a +0 pair of gloves (worn)
Wands
 q - a wand of quicksilver (8)
Scrolls
 g - 3 scrolls of fog {unknown}
 i - a scroll of immolation {unknown}
 j - 9 scrolls of identify {unknown}
 m - a scroll of amnesia {unknown}
 n - a scroll of enchant weapon {unknown}
 r - a scroll of fear {unknown}
Potions
 b - a potion of magic
 c - 2 potions of brilliance {unknown}
 e - a potion of ambrosia {unknown}
 h - a potion of heal wounds
 k - a potion of resistance {unknown}
 o - a potion of degeneration {unknown}
 s - a potion of lignification {unknown}


   Skills:
 + Level 2.4 Fighting
 - Level 2.6 Dodging
 - Level 2.1 Stealth
 + Level 3.0 Spellcasting
 + Level 5.2 Ice Magic


You had 2 spell levels left.
You knew the following spells:

 Your Spells              Type           Power      Damage    Failure   Level
a - Freeze                Ice            76%        1d8       2%          1
b - Frozen Ramparts       Ice            38%        1d6       7%          3
c - Ozocubu's Armour      Ice            19%        N/A       7%          3

Your spell library contained the following spells:

 Spells                   Type           Power      Damage    Failure   Level
 Beastly Appendage        Tmut           4%         N/A       19%         1
 Wereblood                Tmut           2%         N/A       28%         2
 Spider Form              Tmut/Pois      2%         N/A       50%         3
 Summon Ice Beast         Ice/Summ       10%        N/A       54%         4


Dungeon Overview and Level Annotations

Branches:
Dungeon (3/15)

Altars:
Okawaru


Innate Abilities, Weirdness & Mutations

((You are very nimble when in or above water. (Stealth+, EV+, Speed+++)))
Your lower body shifts to a powerful aquatic tail in water.


Message History

Unknown command.
Casting: Freeze (safe; 2% risk of failure)
Confirm with . or Enter, or press ? or * to list all spells.
Casting: Frozen Ramparts (dangerous; 7% risk of failure)
Press: ? - help, Dir - look around, f - activate You miscast Frozen Ramparts.
You are very lightly contaminated with residual magic.
A chill runs through your body.
* * * LOW HITPOINT WARNING * * *
The adder bites you but does no damage.
The white imp hits you but does no damage.
Unknown command.
Casting: Frozen Ramparts (dangerous; 7% risk of failure)
Confirm with . or Enter, or press ? or * to list all spells.
Casting: Frozen Ramparts (dangerous; 7% risk of failure)
Press: ? - help, Dir - look around, f - activate The walls around you are covered in ice.
The wall freezes the adder but does no damage.
The adder barely misses you.
The white imp completely resists.
The wall freezes the white imp but does no damage.
The white imp closely misses you.
The wall freezes the adder.
The adder bites you.
* * * LOW HITPOINT WARNING * * *
You shoot a sling bullet.
The sling bullet closely misses the adder.
The wall freezes the adder.
The adder barely misses you.
The wall freezes the white imp but does no damage.
The white imp hits you but does no damage.
The wall freezes the adder.
The adder barely misses you.
You shoot a sling bullet.
The sling bullet barely misses the adder.
The white imp completely resists.
The wall freezes the white imp but does no damage.
The white imp hits you but does no damage.
The wall freezes the adder.
The adder misses you.
The white imp completely resists.
The wall freezes the white imp but does no damage.
The white imp gestures at you. The puff of frost hits you!
You die...

## .# #. .# #. ..## #.
..#### #. . ..##.< ...
#. .._ ##.##.# #.# #.
.).).#..##.# #.# #.
......S@##.#######.# #.
.###..5#..|........# #.
#....#.#.#.#####.# #.
.......>...#.......####.
##.....#.#.#......†.....
#.##.##.....#####.####.
#. #......... #... .. #
#####....# #######
##....


You could see an adder and a white imp.

Vanquished Creatures
  Terence (D:2)
  Robin (D:2)
  2 dart slugs
  3 ball pythons
  2 endoplasms
  3 giant cockroaches
  17 goblins
  4 hobgoblins
  4 jackals
  3 quokkas
  A bat (D:1)
  2 frilled lizards (D:1)
  4 kobolds
  4 rats
51 creatures vanquished.

Notes
Turn   | Place    | Note
-------+----------+-------------------------------------------
     0 | D:1      | safid the Merfolk Ice Elementalist began the quest for the
                  | Orb.
     0 | D:1      | Reached XP level 1. HP: 13/13 MP: 3/3
   259 | D:1      | Reached XP level 2. HP: 18/20 MP: 0/5
   338 | D:1      | Reached skill level 1 in Fighting
  1049 | D:2      | Reached XP level 3. HP: 22/26 MP: 2/6
  1217 | D:2      | Identified the +3 ring mail of the Eternal Void {Regen+
                  | Str+6 Dex-5}
  1244 | D:2      | Found a faded altar of an unknown god.
  1637 | D:2      | Noticed Robin
  1654 | D:2      | HP: 1/27 [goblin/+0 club[Robin] (5)]
  1666 | D:2      | Killed Robin
  1667 | D:2      | Reached skill level 5 in Ice Magic
  1667 | D:2      | Reached XP level 4. HP: 26/33 MP: 1/8
  1735 | D:2      | Noticed Terence
  1751 | D:2      | Learned a level 3 spell: Frozen Ramparts
  1755 | D:2      | Learned a level 3 spell: Ozocubu's Armour
  1784 | D:2      | Killed Terence
  2190 | D:3      | Identified the +4 sling of Subjectivity {drain, rPois Will+
                  | SInv}
  2373 | D:3      | Found an iron altar of Okawaru.
  2385 | D:3      | Killed from afar by a white imp

Illustrated notes

Levels and vault maps discovered:
D:1:      dpeg_arrival_rhombi, layout_basic, glass_columns_c
D:2:      layout_basic, basic_ecumenical_altar, grunt_ministairs_5, uniq_robin,
          uniq_terence
D:3:      layout_loops_ring, okawaru_ov_weapons_minmay, trog_book,
          kennysheep_cross_bottleneck

Skill      XL: |  1  2  3  4 |
---------------+-------------+-----
Fighting       | 1 2 |  2.4
Ice Magic      | 5 |  5.2
Spellcasting   | 3 |  3.0
Dodging        | |  2.6
Stealth        | |  2.1

Action                     |  1- 3 |  4- 6 || total
---------------------------+-------+-------++-------
  Melee: Unarmed           |    22 |       ||    22
         Dagger            |    12 |       ||    12
         Hand axe          |    47 |     8 ||    55
         Punch             |     3 |       ||     3
   Fire: Sling             |       |    14 ||    14
   Cast: Freeze            |    36 |     3 ||    39
         Frozen Ramparts   |       |     2 ||     2
         Ozocubu's Armour  |       |     1 ||     1
    Use: Potion            |     1 |       ||     1
   Stab: Sleeping          |     1 |       ||     1
 Armour: Robe              |    34 |     9 ||    43
  Dodge: Dodged            |    86 |    15 ||   101
